 Dungeon Crawl Stone Soup version 0.31-a0-667-g39726597b9 (webtiles) character file.

Game seed: 915027198369563837

179649 Joey1 the Warrior (level 17, -2/170 HPs)
             Began as a Minotaur Fighter on Sept 3, 2023.
             Was a High Priest of Okawaru.
             Slain by a ghost moth (11 damage)
             ... on level 4 of the Spider Nest.
             The game lasted 02:12:07 (30231 turns).

Joey1 the Warrior (Minotaur Fighter)               Turns: 30231, Time: 02:12:08

Health: -2/170     AC: 16    Str: 24 (27) XL:     17   Next: 61%
Magic:  0/27       EV:  9    Int: -2 (5)  God:    Okawaru [*****.]
Gold:   1200       SH: 26    Dex:  8 (15) Spells: 16/16 levels left

rFire   + . .        d - +9 broad axe (heavy)
rCold   . . .        e - +4 tower shield
rNeg    . . .        H - +0 chain mail {rPois}
rPois   +            J - +0 hat "Uduck" {rF+ Regen+ Dex+3}
rElec   .            l - +0 cloak
rCorr   +            v - +0 pair of gloves
SInv    .            Y - +1 pair of boots
Will    ++...        P - amulet of reflection Stlth
                     I - ring of willpower
HPRegen 1.28/turn    E - ring of resist corrosion
MPRegen 0.20/turn

%: reflection
@: slowed, lost intelligence, unable to read, very slow
A: horns 2, retaliatory headbutt
a: Renounce Religion, Heroism, Finesse, Duel


You were on level 4 of the Spider Nest.
You worshipped Okawaru.
Okawaru was extremely pleased with you.
You visited 6 branches of the dungeon, and saw 28 of its levels.
You also visited: Sewer and Ossuary.

You collected 2982 gold pieces.
You spent 1782 gold pieces at shops.

Inventory:

Hand Weapons
 b - the +10 morningstar "Oplelyff" {vamp, rPois}
   (You took it off an orc warrior on level 15 of the Dungeon)

   rPois:     It protects you from poison
 d - a +9 heavy broad axe (weapon)
Missiles
 c - 2 javelins
 s - 6 datura-tipped darts
 Q - 31 boomerangs
 R - 3 curare-tipped darts
Armour
 e - a +4 tower shield (worn)
 l - a +0 cloak (worn)
 v - a +0 pair of gloves (worn)
 C - a +4 ring mail of willpower
 H - a +0 chain mail of poison resistance (worn)
 J - the +0 hat "Uduck" (worn) {rF+ Regen+ Dex+3}
   (Okawaru gifted it to you on level 2 of the Orcish Mines)

   Dex+3:     It affects your dexterity (+3).
   rF+:       It protects you from fire.
   Regen+:    It increases your rate of health regeneration.
 X - the +2 hat of Xumobuaw {Regen+ rCorr SInv}
   (You bought it in a shop on level 6 of the Dungeon)

   SInv:      It lets you see invisible.
   Regen+:    It increases your rate of health regeneration.
   rCorr:     It protects you from acid and corrosion.
 Y - a +1 pair of boots (worn)
Jewellery
 a - a +6 ring of strength
 j - an amulet of guardian spirit
 E - a ring of resist corrosion (right hand)
 I - a ring of willpower (left hand)
 P - an amulet of reflection (around neck)
 V - a ring of ice
 W - a +6 ring of dexterity
Wands
 o - a wand of paralysis (24)
 q - a wand of flame (39)
 t - a wand of iceblast (34) (quivered)
 u - a wand of digging (7)
 y - a wand of acid (3)
 Z - a wand of polymorph (4)
Scrolls
 f - 6 scrolls of fear
 i - 4 scrolls of immolation
 k - a scroll of brand weapon
 m - 3 scrolls of revelation
 p - 11 scrolls of teleportation
 w - 3 scrolls of silence
 B - 4 scrolls of poison
 G - a scroll of fog
 K - 2 scrolls of blinking
 T - a scroll of enchant weapon
Potions
 g - 7 potions of invisibility
 h - a potion of cancellation
 n - 10 potions of might
 r - 6 potions of haste
 x - 7 potions of attraction
 z - 3 potions of berserk rage
 A - 4 potions of curing
 D - 5 potions of heal wounds
 F - 3 potions of lignification
 L - 3 potions of brilliance
 M - 8 potions of enlightenment
 N - 3 potions of ambrosia
 O - 2 potions of mutation
 S - 3 potions of magic {unknown}
 U - 3 potions of resistance {unknown}


   Skills:
 - Level 20.0 Fighting
 - Level 20.0 Axes
 - Level 5.0 Throwing
 + Level 8.1 Armour
 + Level 8.1 Dodging
 + Level 15.0 Shields
 - Level 15.0 Invocations
 - Level 5.0 Evocations


You had 16 spell levels left.
You didn't know any spells.
Your spell library contained the following spells:

 Spells                   Type           Power      Damage    Failure   Level
 Apportation              Tloc           0%         N/A       100%        1
 Necrotise                Necr           0%         1d4       100%        1
 Slow                     Hex            0%         N/A       100%        1
 Blink                    Tloc           0%         N/A       100%        2
 Lesser Beckoning         Tloc           0%         N/A       100%        2
 Momentum Strike          Conj/Tloc      0%         3d8       100%        2
 Poisonous Vapours        Pois/Air       0%         N/A       100%        2
 Sublimation of Blood     Necr           0%         N/A       100%        2
 Wereblood                Tmut           0%         N/A       100%        2
 Confusing Touch          Hex            0%         N/A       100%        3
 Gell's Gravitas          Tloc           0%         N/A       100%        3
 Mephitic Cloud           Conj/Pois/Air  0%         N/A       100%        3
 Portal Projectile        Hex/Tloc       0%         N/A       100%        3
 Teleport Other           Tloc           0%         N/A       100%        3
 Vampiric Draining        Necr           0%         2d6       100%        3
 Volatile Blastmotes      Fire/Tloc      0%         2d10      100%        3
 Anguish                  Hex/Necr       0%         N/A       100%        4
 Cause Fear               Hex            0%         N/A       100%        4
 Fulminant Prism          Conj/Hex       0%         3d5       100%        4
 Iskenderun's Mystic Bla  Conj/Tloc      0%         2d3       100%        4
 Leda's Liquefaction      Hex/Erth       0%         N/A       100%        4
 Manifold Assault         Tloc           0%         N/A       100%        4
 Agony                    Necr           0%         N/A       100%        5
 Alistair's Intoxication  Tmut/Pois      0%         N/A       100%        5
 Fireball                 Conj/Fire      0%         3d3       100%        5
 Freezing Cloud           Conj/Ice/Air   0%         6-21      100%        5
 Iskenderun's Battlesphe  Conj           0%         2d6       100%        5
 Silence                  Hex/Air        0%         N/A       100%        5
 Conjure Ball Lightning   Conj/Air       0%         3x3d6     100%        6
 Enfeeble                 Hex            0%         N/A       100%        7
 Orb of Destruction       Conj           0%         9d5       100%        7
 Discord                  Hex            0%         N/A       100%        8
 Summon Small Mammal      Summ           Unusable   N/A       N/A         1
 Call Imp                 Summ           Unusable   N/A       N/A         2
 Call Canine Familiar     Summ           Unusable   N/A       N/A         3
 Summon Guardian Golem    Hex/Summ       Unusable   N/A       N/A         3
 Tukima's Dance           Hex            Unusable   N/A       N/A         3
 Animate Armour           Summ/Erth      Unusable   N/A       N/A         4
 Summon Hydra             Summ           Unusable   N/A       N/A         7

Dungeon Overview and Level Annotations

Branches:
Dungeon (15/15)            Temple (1/1) D:6            Lair (5/5) D:9
  Swamp (1/4) Lair:3       Spider (4/4) Lair:2        Slime (0/5) Lair:4
    Orc (2/2) D:10            Elf (0/3) Orc:2        Vaults (0/5) D:14
 Depths (0/4) D:15          Sewer (visited)         Ossuary (visited)

Altars:
Ashenzari
Cheibriados
Dithmenos
Elyvilon
Fedhas
Gozag
Hepliaklqana
Kikubaaqudgha
Makhleb
Nemelex Xobeh
Okawaru
Qazlal
Ru
Sif Muna
Trog
Uskayaw
Vehumet
Wu Jian
Xom
Yredelemnul
Zin
The Shining One
Jiyva

Shops:
D:3 (   D:6 [   D:14 =   Orc:1 *   Orc:2 *[:(

Annotations:
Swamp:1 Nikola


Innate Abilities, Weirdness & Mutations

You have a pair of horns on your head.
You reflexively headbutt those who attack you in melee.


Message History

You feel weakened. You block something's attack. Something hits you.
Something stings you but does no damage.
You miss something. Something hits you. Something hits you but does no damage.
Something stings you!
You feel dopey.
Something hits you but does no damage. x2
Something stings you but does no damage.
Something hits you but does no damage. You block something's attack. x2
Unknown command.
You barely miss something.
You feel you are being watched by something.
You feel your power leaking away. Something hits you but does no damage.
Something hits you!
* * * LOW HITPOINT WARNING * * *
Something stings you but does no damage.
You feel you are being watched by something.
Something hits you!
* * * LOW HITPOINT WARNING * * *
Something hits you.
* * * LOW HITPOINT WARNING * * *
You feel weakened.
Something stings you but does no damage.
There is nothing to cancel.
Okay, then.
Something hits you!
* * * LOW HITPOINT WARNING * * *
You block something's attack.
Something stings you but does no damage.
Something hits you!
* * * LOW HITPOINT WARNING * * *
You feel clumsy. Something hits you but does no damage.
You block something's attack.
You start removing your armour.
You continue taking off the +0 hat "Uduck" {rF+ Regen+ Dex+3}.
You feel you are being watched by something.
Something hits you.
* * * LOW HITPOINT WARNING * * *
You block something's attack. Something stings you!
You die...

#..........##
#..####≈≈..# #...
#....^.....# #..#
##≈.†# #...
#.....#^.^.# #.^#
#≈.~###...
#..^....#^## ##.##
#≈..~##...
#^.####..##
#..#..≈.##...##...
#### ####
##..#.≈≈.$#..###...
#~.##.≈≈..#†.# #...
#..#~.≈≈[.#..# ##..
#~@#..≈.≈.#.^## ###
#†.##[≈φ≈.#...# #
#~~.#!≈≈≈!#..~# #
##..~.≈≈.##..## #
#~.....!#...#
##^..[.~#.~.#
#.^....#...#
#~..#^##...#
##~.#.#....#


There were no monsters in sight!

Vanquished Creatures
  Rupert (D:14)
  Kirke (D:12)
  6 emperor scorpions (Spider:4)
  4 ghost moths
  A broodmother (Spider:3)
  An orc warlord (Orc:2)
  A stone giant (D:15)
  Nessos (D:15)
  3 bunyips (Swamp:1)
  2 spark wasps
  4 entropy weavers
  Josephine (D:14)
  8 hydras
  The ghost of Urgle the Cleaver, a novice OgBe of Trog (D:9)
  A radroach (Spider:2)
  3 catoblepae (Lair:5)
  The ghost of Xytuag Dedu the Destroyer, a journeyman TeAE of Hepliaklqana (D:15)
  An alligator (Swamp:1)
  A death knight (D:14)
  2 boulder beetles
  2 jorogumos (Spider:2)
  3 two-headed ogres
  6 centaur warriors
  2 tengu warriors
  13 death yaks
  9 demonic crawlers
  3 naga warriors (D:15)
  5 orc high priests (Orc:2)
  A deep troll earth mage (D:15)
  A deep elf knight (D:15)
  Nergalle (Lair:1)
  7 skeletal warriors
  Amaemon (Lair:3)
  2 skysharks (Lair:4)
  A fire crab (Lair:4)
  3 pharaoh ants
  2 sun moths
  3 spriggan druids (Swamp:1)
  A goliath frog (Lair:3)
  13 orb spiders
  A bog body (Swamp:1)
  A wizard (D:12)
  3 deep elf archers
  A flayed ghost (D:13)
  3 deep elf zephyrmancers (D:14)
  9 steelbarb worms
  17 wolf spiders
  6 orc knights
  7 deep elf pyromancers
  A harpy (D:13)
  An oklob plant (Lair:5)
  20 ugly things
  6 orc sorcerers (Orc:2)
  8 cyclopes
  3 moths of wrath
  5 manticores
  Maurice (D:8)
  3 black mambas
  A centaur zombie (D:12)
  An orange demon (Lair:2)
  8 cane toads
  Maggie (D:8)
  A gargoyle (D:13)
  An unseen horror (D:11)
  A kobold demonologist (D:13)
  4 yaktaurs (D:14)
  5 torpor snails
  3 rime drakes
  10 komodo dragons
  A tengu conjurer (D:13)
  12 meliai
  A bloated husk (Swamp:1)
  4 polar bears
  2 tyrant leeches (Swamp:1)
  7 trolls
  A hornet (Swamp:1)
  23 blink frogs
  20 tarantellas
  A tarantella (shapeshifter) (D:15)
  Prince Ribbit (D:8)
  23 jumping spiders
  13 dream sheep
  A meliai zombie (D:12)
  3 shadows
  A centaur simulacrum (D:15)
  3 slime creatures (Lair:4)
  6 vampires
  3 spriggans (Swamp:1)
  17 culicivoras
  7 wraiths
  53 yaks
  2 wyverns
  3 hogs (D:12)
  2 steam dragons
  2 humans (D:12)
  68 redbacks
  14 vampire mosquitoes
  5 basilisks
  Menkaure (D:7)
  A warg (Orc:1)
  2 swamp worms (Swamp:1)
  An acid dragon (D:12)
  14 water moccasins
  A swamp drake (D:10)
  An ice beast (D:3)
  33 orc warriors
  5 sky beasts
  4 black bears
  10 ogres
  5 centaurs
  12 wolves
  A phantom (D:6)
  4 kobold brigands
  16 bullfrogs
  2 scorpions
  4 wights
  13 killer bees
  4 electric eels
  9 howler monkeys
  2 hounds
  4 jellies
  3 gnoll boudas
  22 orc priests
  2 iguanas
  Natasha (thrice) (D:2)
  43 orc wizards
  A mummy (Ossuary)
  9 gnolls
  17 adders
  5 river rats (Sewer)
  2 shadow imps
  4 white imps
  An ufetubus (D:4)
  3 worms
  2 dart slugs
  91 orcs
  4 spectral bats (Ossuary)
  22 ball pythons
  6 endoplasms
  2 giant cockroaches
  12 gnoll zombies (Ossuary)
  6 goblins
  5 hobgoblins
  7 jackals
  28 kobolds
  3 quokkas
  3 bats
  4 bat simulacra (Ossuary)
  10 frilled lizards
  2 goblin simulacra (Ossuary)
  5 goblin zombies (Ossuary)
  2 hobgoblin zombies (Ossuary)
  6 kobold zombies (Ossuary)
  5 orc zombies (Ossuary)
  33 rats
  3 rat simulacra (Ossuary)
  3 spectral goblins (Ossuary)
  4 spectral kobolds (Ossuary)
  5 spectral rats (Ossuary)
1091 creatures vanquished.

Vanquished Creatures (others)
  A sun moth (Spider:2)
  A redback (Spider:4)
  An orc (D:8)
  A kobold (D:8)
4 creatures vanquished.

Grand Total: 1095 creatures vanquished

Notes
Turn   | Place    | Note
-------+----------+-------------------------------------------
     0 | D:1      | Joey1 the Minotaur Fighter began the quest for the Orb.
     0 | D:1      | Reached XP level 1. HP: 19/19 MP: 0/0
   211 | D:1      | Reached XP level 2. HP: 27/27 MP: 1/1
   409 | D:1      | Reached skill level 1 in Dodging
   851 | D:2      | Reached XP level 3. HP: 32/33 MP: 2/2
  1254 | D:2      | Found Uxigg's Magic Scroll Boutique.
  1257 | D:2      | Bought a scroll of identify for 22 gold pieces
  1456 | D:3      | Noticed Natasha
  1466 | D:2      | Killed Natasha
  1467 | D:2      | Reached XP level 4. HP: 31/40 MP: 1/3
  1680 | D:2      | Noticed Natasha
  1683 | D:2      | Killed Natasha
  1843 | D:2      | Noticed Natasha
  1852 | D:2      | Killed Natasha
  2066 | D:2      | Found Uxigg's Magic Scroll Boutique.
  2239 | D:3      | Reached XP level 5. HP: 44/47 MP: 4/4
  2354 | D:3      | Found Qoj Gyit's Weapon Shop.
  2427 | D:3      | Reached skill level 5 in Shields
  2431 | D:3      | Reached skill level 5 in Fighting
  2431 | D:3      | Reached XP level 6. HP: 55/56 MP: 5/5
  2512 | D:3      | Found a sparkling altar of Nemelex Xobeh.
  2513 | D:3      | Found a stormy altar of Qazlal.
  2680 | D:3      | Noticed an ice beast
  2720 | D:3      | Killed an ice beast
  2721 | D:3      | Reached skill level 5 in Axes
  3297 | D:4      | Reached XP level 7. HP: 61/61 MP: 6/6
  3535 | D:4      | Identified the +0 ring mail "Fuith" {Stlth+}
  3992 | D:5      | Entered Level 5 of the Dungeon
  3995 | D:5      | You fall into a shaft and drop 1 floor!
  4035 | D:6      | Found a staircase to the Ecumenical Temple.
  4044 | Temple   | Entered the Ecumenical Temple
  4165 | Temple   | Became a worshipper of Warmaster Okawaru
  4221 | D:6      | Noticed a steam dragon
  4243 | D:6      | Killed a steam dragon
  4335 | D:6      | Found a glowing drain.
  4347 | Sewer    | Entered a sewer
  4610 | Sewer    | Reached * piety under Okawaru
  4803 | Sewer    | Reached XP level 8. HP: 68/68 MP: 7/7
  4808 | Sewer    | Reached skill level 10 in Axes
  4951 | D:6      | Found Ijapeg's Antique Armour Shoppe.
  5231 | D:4      | Identified the +0 ring mail of Ishrinwo {Str+3 Stlth+}
  5380 | D:2      | Bought a scroll of blinking for 82 gold pieces
  5380 | D:2      | Bought a scroll of identify for 22 gold pieces
  5380 | D:2      | Bought a scroll of enchant armour for 82 gold pieces
  5380 | D:2      | Bought a scroll of teleportation for 33 gold pieces
  5380 | D:2      | Bought a scroll of identify for 22 gold pieces
  5380 | D:2      | Bought a scroll of poison for 44 gold pieces
  6160 | D:6      | Reached ** piety under Okawaru
  6574 | D:7      | Noticed a two-headed ogre
  6586 | D:7      | Killed a two-headed ogre
  6586 | D:7      | Reached *** piety under Okawaru
  6587 | D:7      | Reached XP level 9. HP: 71/74 MP: 8/8
  6626 | D:7      | Identified the +2 trident "Beetleslayer" {freeze, Dex+2
                  | Stlth+}
  6873 | D:7      | Found a white marble altar of Elyvilon.
  6999 | D:7      | Reached skill level 1 in Invocations
  7011 | D:7      | Reached skill level 1 in Evocations
  7088 | D:7      | Noticed Menkaure
  7090 | D:7      | Killed Menkaure
  7127 | D:7      | Reached **** piety under Okawaru
  7536 | D:8      | Noticed Maurice
  7583 | D:8      | Noticed Maggie
  7800 | D:8      | Found a sand-covered staircase.
  7806 | Ossuary  | Entered an ossuary
  8284 | D:8      | Killed Maggie
  8317 | D:8      | Killed Maurice
  8318 | D:8      | Reached XP level 10. HP: 52/81 MP: 6/11
  8638 | D:8      | Noticed Prince Ribbit
  8646 | D:8      | Killed Prince Ribbit
  8823 | D:8      | Found a sacrificial altar of Ru.
  8829 | D:8      | Found a shimmering blue altar of Sif Muna.
  8834 | D:8      | Found a shadowy altar of Dithmenos.
  9118 | D:6      | Bought a faintly humming hat for 234 gold pieces
  9118 | D:6      | Identified the +2 hat of Xumobuaw {Regen+ rCorr SInv} (You
                  | bought it in a shop on level 6 of the Dungeon)
  9226 | D:9      | Noticed Urgle's ghost (novice OgBe)
  9231 | D:9      | Found a runed translucent door.
  9287 | D:9      | Reached ***** piety under Okawaru
  9326 | D:9      | Found a broken altar of Ashenzari.
  9384 | D:9      | Found a staircase to the Lair.
  9447 | D:9      | Found a blossoming altar of Fedhas.
  9621 | D:9      | Received a gift from Okawaru
  9707 | D:9      | Reached skill level 5 in Invocations
  9866 | Lair:1   | Entered Level 1 of the Lair of Beasts
  9989 | Lair:1   | Reached skill level 5 in Evocations
 10470 | Lair:1   | Noticed Nergalle
 10472 | Lair:1   | Noticed a spectral orc warlord
 10548 | Lair:1   | Killed Nergalle
 10687 | Lair:1   | Reached skill level 10 in Shields
 10687 | Lair:1   | Reached XP level 11. HP: 85/86 MP: 13/13
 11037 | Lair:2   | Reached skill level 5 in Armour
 11654 | Lair:2   | Found a hole to the Spider Nest.
 11996 | Lair:3   | Reached skill level 5 in Dodging
 12033 | Lair:3   | Noticed a death yak
 12033 | Lair:3   | Noticed a death yak
 12033 | Lair:3   | Noticed a death yak
 12130 | Lair:3   | Noticed a death yak
 12130 | Lair:3   | Noticed a death yak
 12131 | Lair:3   | Noticed a death yak
 12167 | Lair:2   | Killed a death yak
 12240 | Lair:3   | Noticed Amaemon
 12295 | Lair:3   | Noticed a death yak
 12310 | Lair:2   | Killed a death yak
 12311 | Lair:2   | Reached skill level 15 in Axes
 12347 | Lair:3   | Killed a death yak
 12369 | Lair:3   | Killed a death yak
 12369 | Lair:3   | Received a gift from Okawaru
 12503 | Lair:3   | Received a gift from Okawaru
 12506 | Lair:3   | Reached XP level 12. HP: 71/103 MP: 9/14
 12727 | Lair:3   | Found a staircase to the Swamp.
 13106 | Lair:3   | Killed a death yak
 13116 | Lair:2   | Killed a death yak
 13179 | Lair:2   | Killed a death yak
 13228 | Lair:3   | Killed Amaemon
 13745 | Lair:4   | Reached skill level 10 in Fighting
 13869 | Lair:4   | Received a gift from Okawaru
 14277 | Lair:4   | Reached XP level 13. HP: 113/113 MP: 15/15
 14312 | Lair:4   | Found a staircase to the Slime Pits.
 14313 | Lair:4   | Found a viscous altar of Jiyva.
 14351 | Lair:4   | Reached ****** piety under Okawaru
 14779 | Lair:5   | Entered Level 5 of the Lair of Beasts
 14903 | Lair:5   | Reached skill level 15 in Shields
 14972 | Lair:5   | Received a gift from Okawaru
 15015 | Lair:5   | Reached skill level 1 in Throwing
 15185 | Lair:5   | Identified a scroll of acquirement
 15186 | Lair:5   | Acquired a +4 heavy broad axe
 15621 | Lair:5   | Identified the +0 buckler of Dicsuzupho {Harm +Inv rC+}
                  | (Okawaru gifted it to you on level 5 of the Lair of Beasts)
 15621 | Lair:5   | Received a gift from Okawaru
 15622 | Lair:5   | Reached skill level 5 in Throwing
 15886 | Lair:5   | Reached XP level 14. HP: 111/125 MP: 13/16
 16313 | D:9      | Killed Urgle's ghost
 16351 | D:10     | Entered Level 10 of the Dungeon
 16410 | D:10     | Got Sif Muna's Precepts of the Hexing Commander
 16580 | D:10     | Found a glowing golden altar of the Shining One.
 16629 | D:10     | Found a staircase to the Orcish Mines.
 17069 | Orc:1    | Entered Level 1 of the Orcish Mines
 17435 | Orc:1    | Found Epsumouca's Assorted Antiques.
 17582 | Orc:2    | Entered Level 2 of the Orcish Mines
 17835 | Orc:2    | Found a staircase to the Elven Halls.
 18214 | Orc:2    | Received a gift from Okawaru
 18346 | Orc:2    | Noticed an orc warlord
 18360 | Orc:2    | Killed an orc warlord
 18603 | Orc:2    | Found a runed translucent door.
 18745 | Orc:2    | Reached skill level 15 in Fighting
 18777 | Orc:2    | Paralysed by an orc sorcerer for 3 turns
 18903 | Orc:2    | Found Quacrush's General Store.
 18904 | Orc:2    | Found Piurorekh's Book Boutique.
 18908 | Orc:2    | Found Itwojoib's Antique Armour Boutique.
 18908 | Orc:2    | Found Etahywne's Antique Weapon Shop.
 19240 | Orc:2    | Identified the +0 hat "Uduck" {rF+ Regen+ Dex+3} (Okawaru
                  | gifted it to you on level 2 of the Orcish Mines)
 19240 | Orc:2    | Received a gift from Okawaru
 19462 | Orc:2    | Bought a potion of mutation for 112 gold pieces
 19570 | Orc:1    | Bought a runed silver ring for 140 gold pieces
 19570 | Orc:1    | Bought a ruby ring for 140 gold pieces
 19570 | Orc:1    | Bought a scroll of identify for 56 gold pieces
 19804 | Orc:2    | Bought an iridescent hand axe for 184 gold pieces
 19804 | Orc:2    | Identified the +6 hand axe "Tattletale" {freeze, Will-
                  | rCorr Str+2} (You bought it in a shop on level 2 of the
                  | Orcish Mines)
 19804 | Orc:2    | Bought an ichor-stained hand axe for 184 gold pieces
 19804 | Orc:2    | Identified the +2 hand axe "Qofoper" {heavy, rF+ rN+ Int+2}
                  | (You bought it in a shop on level 2 of the Orcish Mines)
 20752 | D:12     | Noticed Kirke
 20931 | D:12     | Killed Kirke
 21408 | D:13     | Reached XP level 15. HP: 138/143 MP: 17/19
 21658 | D:13     | Identified the +2 pair of gloves of Crawling {rF++ Int-5}
                  | (Okawaru gifted it to you on level 13 of the Dungeon)
 21658 | D:13     | Received a gift from Okawaru
 22207 | D:14     | Noticed Josephine
 22213 | D:14     | Killed Josephine
 22673 | D:14     | Received a gift from Okawaru
 22740 | D:14     | Found a gate to the Vaults.
 22781 | D:14     | Noticed Rupert
 22797 | D:14     | Killed Rupert
 23040 | D:14     | Found Inamop's Jewellery Shoppe.
 23430 | D:15     | Entered Level 15 of the Dungeon
 23439 | D:15     | Found a runed translucent gate.
 23439 | D:15     | Found a runed translucent gate.
 23441 | D:15     | Noticed Xytuag Dedu's ghost (journeyman TeAE)
 23469 | D:15     | Reached skill level 10 in Invocations
 23576 | D:15     | Noticed Nessos
 23590 | D:15     | Killed Nessos
 23921 | D:15     | Found a runed translucent gate.
 23921 | D:15     | Found an iron altar of Okawaru.
 23921 | D:15     | Identified the +10 morningstar "Oplelyff" {vamp, rPois}
 24210 | D:15     | Found a staircase to the Depths.
 24214 | D:15     | Received a gift from Okawaru
 24228 | D:15     | Identified the +0 broad axe of the Shouting Sybil {speed,
                  | rF+ rC+ Int-5} (Okawaru gifted it to you on level 15 of the
                  | Dungeon)
 24228 | D:15     | Received a gift from Okawaru
 24296 | D:15     | Reached XP level 16. HP: 123/157 MP: 21/23
 24297 | D:15     | Killed Xytuag Dedu's ghost
 24850 | Swamp:1  | Entered Level 1 of the Swamp
 25399 | Lair:3   | Found a staircase to the Swamp.
 25512 | Swamp:1  | Received a gift from Okawaru
 25539 | Swamp:1  | Noticed Nikola
 25541 | Swamp:1  | Identified the scarf "Iwiosoil" {repulsion, rF++ Regen+
                  | Str+4} (Okawaru gifted it to you on level 1 of the Swamp)
 25541 | Swamp:1  | Received a gift from Okawaru
 25783 | D:14     | Bought a ring of willpower for 425 gold pieces
 25986 | Spider:1 | Entered Level 1 of the Spider Nest
 27176 | Spider:2 | HP: 8/162 [demonic crawler (10)]
 27177 | Spider:2 | HP: 3/162 [demonic crawler (6)]
 28125 | Spider:3 | Received a gift from Okawaru
 28209 | Spider:3 | Reached XP level 17. HP: 136/170 MP: 26/26
 28644 | Spider:3 | Reached skill level 15 in Invocations
 28799 | Spider:3 | Received a gift from Okawaru
 28805 | Spider:4 | Entered Level 4 of the Spider Nest
 29364 | Spider:4 | Received a gift from Okawaru
 29650 | Spider:4 | HP: 8/170 [poisoned by an emperor scorpion]
 30219 | Spider:4 | Lost intelligence.
 30231 | Spider:4 | Slain by a ghost moth

Illustrated notes

Levels and vault maps discovered:
D:1:      kennysheep_arrival_seaside, layout_loops_ring
D:2:      layout_basic, serial_shops, nicolae_shop_rolled_up, st_stairs_7
D:3:      cheibrodos_pilgrimage, layout_basic, grunt_temple_overflow_open,
          serial_shops, shop, uniq_natasha
D:4:      layout_basic, minmay_divided_ellipse
D:5:      cheibrodos_quashed, layout_gridville
D:6:      layout_loops_ring, minmay_temple_entry_crystal_x,
          cheibrodos_sewer_entry_drain, serial_shops, shop, st_stairs_6,
          hangedman_decor_diamond_cutter, kennysheep_potato
D:7:      layout_loops_ring, elyvilon_altar_1, uniq_menkaure
D:8:      layout_basic, minmay_overflow_temple_star_quad,
          nicolae_ossuary_entry_plus, lightli_corner_chamber, uniq_maggie,
          uniq_prince_ribbit1, uniq_maurice
D:9:      layout_rooms, fedhas_altar_1, mainiacjoe_overflow_alcove_2,
          david_lair_shrubbed, hellmonk_ghost_happy_afterlife
D:10:     layout_irregular_city, old_standard_altar, erik_orc_1
D:11:     layout_loops_ring
D:12:     layout_cave_pools, serial_undead, serial_undead_c, serial_undead_b,
          serial_undead_b, serial_undead_d, serial_undead_f, serial_undead_c,
          uniq_kirke
D:13:     hangedman_cross_stitches, layout_grid_maze
D:14:     layout_loops_corners, hangedman_vaults_entry_quadrant_bands,
          serial_shops, shop, uniq_rupert, uniq_josephine
D:15:     hellmonk_depths_entry_around_the_bend, layout_basic,
          gammafunk_ghost_fury_of_okawaru, uniq_nessos
Temple:   nicolae_temple_figure_eight
Lair:1:   layout_gridlike, uniq_nergalle
Lair:2:   layout_chaotic_city, hellmonk_spider_entry_life_and_decay
Lair:3:   layout_regular_city, swamp_mist, serial_forest,
          infiniplex_forest_lined_ring, infiniplex_forest_clump_small,
          infiniplex_forest_clump_small, infiniplex_forest_straight_4,
          infiniplex_forest_lined_room_2, infiniplex_forest_clump_double,
          infiniplex_forest_clump_diagonal, uniq_amaemon
Lair:4:   layout_regular_city, minmay_slime_entry_pillars
Lair:5:   evilmike_catoblepas_cave, layout_regular_city,
          grunt_forest_small_clearings, dpeg_stationary_puzzle,
          serial_bayou_shore_b, lemuel_fruit_tree
Swamp:1:  layout_basic_swamp, serial_swamp_ruin, hangedman_swamp_ruin_hall,
          evilmike_swamp_ruin_house_5, swamp_pool2, uniq_nikola
Spider:1: layout_spider_delve
Spider:2: layout_spider_delve
Spider:3: layout_spider_delve, nicolae_spider_baby_got_redback
Spider:4: grunt_spider_rune_circles, hangedman_spider_tarantella_strand
Orc:1:    layout_diamond_mine, serial_shops, shop, basic_altar,
          nicolae_orc_lava_room
Orc:2:    st_orc_congregation, layout_diamond_mine, lightli_church_of_beogh

Skill      XL: |  1  2  3  4  5  6  7  8  9 10 11 12 13 14 15 16 17 |
---------------+----------------------------------------------------+-----
Dodging        | 1 2 3 5 8 |  8.1
Fighting       | 4 5 8 10 11 15 18 20 | 20.0
Armour         | 4 5 8 |  8.1
Shields        | 4 5 7 10 11 14 15 | 15.0
Axes           | 3 4 6 9 13 14 15 17 18 20 | 20.0
Invocations    | 3 5 6 10 14 15 | 15.0
Evocations     | 3 5 |  5.0
Throwing       | 5 |  5.0

Action                     |  1- 3 |  4- 6 |  7- 9 | 10-12 | 13-15 | 16-18 || total
---------------------------+-------+-------+-------+-------+-------+-------++-------
  Melee: War axe           |    81 |    97 |   141 |       |       |       ||   319
         Headbutt          |     6 |    18 |    80 |   151 |   185 |   100 ||   540
         Hand axe          |       |       |   292 |   771 |    68 |       ||  1131
         Broad axe         |       |       |       |       |   787 |   461 ||  1248
         Trident           |       |       |       |       |    31 |       ||    31
         Morningstar       |       |       |       |       |       |     8 ||     8
  Throw: Dart              |       |       |    24 |       |       |       ||    24
         Throwing net      |       |       |     1 |       |       |       ||     1
 Invoke: Heroism           |       |       |     1 |     7 |     5 |     5 ||    18
         Finesse           |       |       |       |       |     2 |     3 ||     5
  Evoke: Wand              |       |       |     5 |       |       |       ||     5
    Use: Scroll            |       |       |     6 |    16 |    13 |    13 ||    48
         Potion            |       |       |       |     1 |     3 |     3 ||     7
 Armour: Scale mail        |    48 |    51 |   208 |   291 |       |       ||   598
         Ring mail         |       |       |       |    60 |   351 |    45 ||   456
         Chain mail        |       |       |       |       |       |   478 ||   478
  Dodge: Dodged            |    32 |    53 |   150 |   177 |   185 |   210 ||   807
  Block: Buckler           |    20 |    21 |    70 |       |       |       ||   111
         Tower shield      |       |       |    10 |   474 |   889 |   828 ||  2201
         Reflection        |       |       |       |       |    37 |    19 ||    56

Table legend: (Time is in decaauts)
 A = Elapsed time spent in this place.
 B = Non-inter-level travel time spent in this place.
 C = Inter-level travel time spent in this place.
 D = Time resting spent in this place.
 E = Time spent auto-exploring this place.
 F = Levels seen in this place.
 G = Mean time per level.
                   A        B        C        D        E       F      G
               +--------+--------+--------+--------+--------+-----+--------+
         Total |  30316 |  27224 |   3092 |   3080 |  16914 |  30 | 1010.5 |
       Dungeon |  14754 |  13002 |   1752 |    650 |   9670 |  15 |  983.6 |
        Temple |    159 |      4 |    155 |      0 |      0 |   1 |  159.0 |
          Lair |   7274 |   6876 |    398 |   1123 |   3798 |   5 | 1454.8 |
         Swamp |    171 |    171 |      0 |      0 |     39 |   1 |  171.0 |
   Spider Nest |   4062 |   4007 |     55 |    931 |   1846 |   4 | 1015.5 |
  Orcish Mines |   3010 |   2281 |    729 |    234 |   1157 |   2 | 1505.0 |
         Sewer |    554 |    554 |      0 |    142 |    239 |   1 |  554.0 |
       Ossuary |    329 |    329 |      0 |      0 |    164 |   1 |  329.0 |
               +--------+--------+--------+--------+--------+-----+--------+

Top non-repeatable levels by time:
   Orc:2: 2366 daAuts
  Lair:3: 1979 daAuts
  Lair:2: 1580 daAuts
    D:14: 1513 daAuts
     D:2: 1415 daAuts
  Lair:5: 1398 daAuts
Spider:4: 1389 daAuts
     D:4: 1348 daAuts
     D:7: 1237 daAuts
  Lair:1: 1181 daAuts
  Lair:4: 1135 daAuts
     D:8: 1049 daAuts
    D:13: 986 daAuts
Spider:2: 940 daAuts
    D:15: 927 daAuts
